Canadiens vs Oilers

Created - 30 mars 2019 at 22:15

Goals
1 2 3 T
Canadiens 0 1 2 3
Oilers 0 2 4 6
Shots
1 2 3 T
Canadiens 15 9 16 40
Oilers 6 9 15 30

1st period

No Goal

Penalties :
Jack Johnson (EDM) for High sticking (Minor) at 10:27

2nd period

1. Canadiens , John Tavares 23 (Cam Fowler 34, Jordan Eberle 27) at 2:03 (PP)
2. Oilers , Evgeny Dadonov 22 (Matthew Nieto 7, Ryan Getzlaf 36) at 6:16
3. Oilers , Andreas Athanasiou 11 (Jean-Gabriel Pageau 16, Adam Lowry 23) at 18:05

Penalties :
Justin Braun (EDM) for Hooking (Minor) at 1:49, Dominic Moore (EDM) for Tripping (Minor) at 12:27

3rd period

4. Canadiens , Jakob Silfverberg 21 (Ivan Provorov 43, Auston Matthews 25) at 1:27 (PP)
5. Oilers , Adam Lowry 15 (Andreas Athanasiou 11, Jean-Gabriel Pageau 17) at 1:33
6. Oilers , Matthew Nieto 11 (Ryan Getzlaf 37, Evgeny Dadonov 28) at 8:34
7. Canadiens , Jordan Eberle 26 (John Tavares 33, Marcus Johansson 18) at 9:59
8. Oilers , Reilly Smith 25 (Jason Zucker 24, Marc Methot 13) at 13:51
9. Oilers , Matthew Nieto 12 (Brent Burns 43) at 16:20

Penalties :
Marc Methot (EDM) for Holding (Minor) at 1:21, Jean-Gabriel Pageau (EDM) for Tripping (Minor) at 2:12, Jacob Trouba (EDM) for Roughing (Minor) at 6:18, Brent Burns (EDM) for Hooking (Minor) at 14:11, Marc Methot (EDM) for Hooking (Minor) at 16:29

Goalie Stats

Jonathan Bernier (MTL), 6 saves from 8 shots - (0.750), 11:26 minutes
Tuukka Rask (MTL), 18 saves from 22 shots - (0.818), L, 38-18-5, 48:34 minutes
Antti Raanta (EDM), 37 saves from 40 shots - (0.925), W, 34-20-6, 60:00 minutes

Players Stats for Canadiens

Player Name              G  A  P  +/- PIM S  H  SB GA TA FO     MP     PP MP  PK MP  
------------------------------------------------------------------------------------
Alexander Edler          0  0  0  -4  0   2  4  1  0  0  0/0    23:19   5:54   0:00 
Artturi Lehkonen         0  0  0  -1  0   0  0  0  0  0  2/8     6:13   0:00   0:00 
Auston Matthews          0  1  1  -2  0   3  0  1  0  0  12/23  20:59   6:19   0:00 
Brian Gibbons            0  0  0  -1  0   1  0  1  0  0  1/1     6:13   0:00   0:00 
Cam Fowler               0  1  1  -4  0   2  0  1  0  0  0/0    23:17   6:50   0:00 
Ivan Provorov            0  1  1   1  0   4  1  0  0  0  0/0    23:51   6:16   0:00 
Jakob Silfverberg        1  0  1  -2  0   8  2  0  0  0  0/2    20:59   6:19   0:00 
John Tavares             1  1  2   0  0   2  1  0  0  0  12/29  21:01   5:55   0:00 
Jordan Eberle            1  1  2   0  0   2  2  0  0  0  1/1    21:01   5:55   0:00 
Josh Morrissey           0  0  0  -2  0   1  2  1  0  0  0/0    13:44   0:00   0:00 
Justin Abdelkader        0  0  0  -2  0   2  3  0  0  0  0/0    11:47   0:00   0:00 
Marcus Johansson         0  1  1   0  0   3  1  0  0  0  0/0    21:01   5:55   0:00 
Matt Calvert             0  0  0  -1  0   1  2  0  0  0  0/1     6:13   0:00   0:00 
Michael Stone            0  0  0  -2  0   0  2  1  0  0  0/0    13:48   0:04   0:00 
Ron Hainsey              0  0  0   1  0   1  1  0  0  0  0/0    22:01   5:24   0:00 
Teuvo Teravainen         0  0  0  -2  0   3  1  0  0  0  1/3    20:59   6:19   0:00 
Tyson Jost               0  0  0  -2  0   3  0  0  0  0  0/0    11:47   0:00   0:00 
Zack Smith               0  0  0  -2  0   2  3  0  0  0  9/16   11:47   0:00   0:00 

Players Stats for Oilers

Player Name              G  A  P  +/- PIM S  H  SB GA TA FO     MP     PP MP  PK MP  
------------------------------------------------------------------------------------
Adam Lowry               1  1  2   2  0   3  0  0  0  0  1/2    10:06   0:00   0:09 
Alexander Kerfoot        0  0  0   0  0   1  0  0  0  0  0/1    11:01   0:00   2:11 
Andreas Athanasiou       1  1  2   2  0   4  0  0  0  0  0/0    11:06   0:00   1:09 
Brent Burns              0  1  1   2  2   0  1  1  0  0  0/0    21:43   0:00   5:20 
Dominic Moore            0  0  0   0  2   3  1  0  0  0  12/18  13:44   0:00   4:55 
Evgeny Dadonov           1  1  2   3  0   5  0  0  0  0  1/1    14:55   0:00   0:00 
Jack Johnson             0  0  0   1  2   0  2  0  0  0  0/0    20:16   0:00   5:13 
Jacob Trouba             0  0  0   2  2   0  4  1  0  0  0/0    21:17   0:00   4:54 
Jason Zucker             0  1  1   0  0   2  0  0  0  0  0/1    19:35   0:00   5:31 
Jean-Gabriel Pageau      0  2  2   2  2   2  0  0  0  0  17/28  14:30   0:00   4:34 
Justin Braun             0  0  0   1  2   0  1  3  0  0  0/0    20:57   0:00   5:54 
Marc Methot              0  1  1   2  4   0  6  2  0  0  0/0    17:01   0:00   0:45 
Mark Pysyk               0  0  0   2  0   0  2  2  0  0  0/0    18:40   0:00   2:22 
Matthew Nieto            2  1  3   3  0   3  0  0  0  0  0/0    14:55   0:00   0:00 
Pavel Buchnevich         0  0  0   0  0   1  1  0  0  0  0/2     8:50   0:00   0:00 
Reilly Smith             1  0  1   0  0   1  1  0  0  0  0/3    14:04   0:00   0:00 
Ryan Getzlaf             0  2  2   3  0   4  4  0  0  0  6/15   14:55   0:00   0:00 
Ryan Johansen            0  0  0   0  0   1  2  0  0  0  9/13   20:03   0:00   5:59 

3 Stars

1 - Matthew Nieto (EDM)
2 - Ryan Getzlaf (EDM)
3 - Evgeny Dadonov (EDM)

Power Play

Canadiens - 2 on 8 Attempt(s) - 25.00%
Oilers - 0 on 0 Attempt(s) - 0.00%

Penalty Kill

Canadiens - 0 on 0 Attempt(s) - 0.00% - Score 0 goal in Penalty Kill
Oilers - 6 on 8 Attempt(s) - 75.00% - Score 0 goal in Penalty Kill

Team Stat

Canadiens - Hits : 25 - Faceoff Wins : 38 - Blocked Shots : 6 - Penalty Minutes : 0
Oilers - Hits : 25 - Faceoff Wins : 46 - Blocked Shots : 9 - Penalty Minutes : 16

Official

Referees : Dan O'Rourke and Chris Lee
Linesman : Brian Mach and Michel Cormier

Game Notes

Jonathan Bernier enters game at 8:34 of 3rd period

Finance

Level 1 -- Attendance: 6500 (100.00%) -- Ticket Income 604 500 $
Level 2 -- Attendance: 4743 (94.86%) -- Ticket Income 346 239 $
Level 3 -- Attendance: 2356 (67.31%) -- Ticket Income 153 140 $
Level 4 -- Attendance: 839 (100.00%) -- Ticket Income 52 018 $
Luxury Box -- Attendance: 1000 (100.00%) -- Ticket Income 195 000 $
Game was played at the Rexall Place.
Total Attendance: 15438 (91.68%)
Total Ticket Income: 1 350 897 $
Other Income: 661 940 $
Total Income: 2 012 837 $

% Time on Ice - Canadiens

Lines # - Real PCT - Wanted PCT - Time Play
Normal Forward
1 - 32% - 35% - 15:06
2 - 31% - 35% - 14:40
3 - 25% - 20% - 11:47
4 - 13% - 10% - 6:13
Normal Defense
1 - 34% - 35% - 16:27
2 - 35% - 35% - 16:37
3 - 29% - 25% - 13:44
4 - 2% - 5% - 0:58
PP Forward
1 - 48% - 65% - 5:55
2 - 52% - 35% - 6:19
PP Defense
1 - 51% - 50% - 6:16
2 - 49% - 50% - 5:58
PK Forward
1 - 0% - 55%
2 - 0% - 45%
PK Defense
1 - 0% - 55%
2 - 0% - 45%
PK3 Forward
1 - 0% - 60%
2 - 0% - 40%
PK3 Defense
1 - 0% - 55%
2 - 0% - 45%
44 Forward
1 - 0% - 50%
2 - 0% - 50%
44 Defense
1 - 0% - 50%
2 - 0% - 50%
Last Minute Offensive  - 0:00
Last Minute Defensive  - 0:00
Total
Forward - 60:00
Defense - 60:00

% Time on Ice - Oilers

Lines # - Real PCT - Wanted PCT - Time Play
Normal Forward
1 - 31% - 30% - 14:55
2 - 29% - 30% - 14:04
3 - 21% - 20% - 9:57
4 - 18% - 20% - 8:50
Normal Defense
1 - 34% - 34% - 16:24
2 - 32% - 33% - 15:04
3 - 34% - 33% - 16:18
4 - 0% - 0% - 0:00
PP Forward
1 - 0% - 50%
2 - 0% - 50%
PP Defense
1 - 0% - 60%
2 - 0% - 40%
PK Forward
1 - 55% - 50% - 6:43
2 - 45% - 50% - 5:31
PK Defense
1 - 50% - 50% - 6:06
2 - 50% - 50% - 6:08
PK3 Forward
1 - 0% - 50%
2 - 0% - 50%
PK3 Defense
1 - 0% - 50%
2 - 0% - 50%
44 Forward
1 - 0% - 50%
2 - 0% - 50%
44 Defense
1 - 0% - 50%
2 - 0% - 50%
Last Minute Offensive  - 0:00
Last Minute Defensive  - 0:00
Total
Forward - 60:00
Defense - 60:00

Play-by-Play

1st period


0:01 of 1st period - John Tavares wins face-off versus Ryan Getzlaf in neutral zone.
0:01 of 1st period - John Tavares is hit by Ryan Getzlaf.
0:28 of 1st period - Shot by Matthew Nieto.
0:28 of 1st period - Shot Misses the Net.
0:30 of 1st period - Shot by Evgeny Dadonov.
0:30 of 1st period - Stopped by Tuukka Rask without a rebound.
0:31 of 1st period - Auston Matthews wins face-off versus Reilly Smith in Canadiens zone.
0:36 of 1st period - Shot by Jakob Silfverberg.
0:36 of 1st period - Stopped by Antti Raanta without a rebound.
0:37 of 1st period - Zack Smith wins face-off versus Adam Lowry in Oilers zone.
0:40 of 1st period - Shot by Tyson Jost.
0:40 of 1st period - Stopped by Antti Raanta without a rebound.
0:41 of 1st period - Auston Matthews wins face-off versus Dominic Moore in Oilers zone.
1:06 of 1st period - Auston Matthews is hit by Marc Methot.
1:08 of 1st period - Shot by Teuvo Teravainen.
1:08 of 1st period - Deflect By Auston Matthews.
1:08 of 1st period - Shot Blocked by Mark Pysyk.
1:10 of 1st period - Shot by Ivan Provorov.
1:10 of 1st period - Stopped by Antti Raanta without a rebound.
1:11 of 1st period - Ryan Johansen wins face-off versus Zack Smith in Oilers zone.
1:11 of 1st period - Reilly Smith is hit by Zack Smith and loses puck.
1:35 of 1st period - Shot by Tyson Jost.
1:35 of 1st period - Stopped by Antti Raanta without a rebound.
1:36 of 1st period - Jean-Gabriel Pageau wins face-off versus Artturi Lehkonen in Oilers zone.
1:57 of 1st period - Shot by Ivan Provorov.
1:57 of 1st period - Stopped by Antti Raanta without a rebound.
1:58 of 1st period - Ryan Getzlaf wins face-off versus John Tavares in Oilers zone.
3:01 of 1st period - Shot by Jakob Silfverberg.
3:01 of 1st period - Shot Misses the Net.
3:08 of 1st period - Icing by Justin Braun.
3:09 of 1st period - Zack Smith wins face-off versus Ryan Getzlaf in Oilers zone.
3:15 of 1st period - Matthew Nieto is hit by Ron Hainsey and loses puck.
3:32 of 1st period - Shot by Reilly Smith.
3:32 of 1st period - Shot Misses the Net.
3:40 of 1st period - Shot by Ryan Johansen.
3:40 of 1st period - Shot Misses the Net.
3:42 of 1st period - Shot by Jason Zucker.
3:42 of 1st period - Shot Misses the Net.
4:04 of 1st period - Ron Hainsey is hit by Ryan Johansen and loses puck.
4:42 of 1st period - Shot by Jean-Gabriel Pageau.
4:42 of 1st period - Stopped by Tuukka Rask without a rebound.
4:43 of 1st period - Dominic Moore wins face-off versus John Tavares in Canadiens zone.
4:43 of 1st period - Pavel Buchnevich is hit by Michael Stone and loses puck.
5:04 of 1st period - Dominic Moore is hit by Marcus Johansson and loses puck.
5:23 of 1st period - Shot by Reilly Smith.
5:23 of 1st period - Shot Misses the Net.
5:25 of 1st period - Shot by Jason Zucker.
5:25 of 1st period - Deflect By Ryan Johansen.
5:25 of 1st period - Stopped by Tuukka Rask without a rebound.
5:26 of 1st period - Auston Matthews wins face-off versus Jean-Gabriel Pageau in Canadiens zone.
5:52 of 1st period - Icing by Jean-Gabriel Pageau.
5:53 of 1st period - Jean-Gabriel Pageau wins face-off versus Artturi Lehkonen in Oilers zone.
6:00 of 1st period - Shot by Jean-Gabriel Pageau.
6:00 of 1st period - Shot Blocked by Brian Gibbons.
6:18 of 1st period - Jean-Gabriel Pageau is hit by Matt Calvert and loses puck.
6:24 of 1st period - Icing by Andreas Athanasiou.
6:25 of 1st period - Auston Matthews wins face-off versus Jean-Gabriel Pageau in Oilers zone.
6:44 of 1st period - Shot by Auston Matthews.
6:44 of 1st period - Shot Misses the Net.
7:02 of 1st period - Shot by Teuvo Teravainen.
7:02 of 1st period - Deflect By Jakob Silfverberg.
7:02 of 1st period - Shot Misses the Net.
7:05 of 1st period - Icing by Reilly Smith.
7:06 of 1st period - John Tavares wins face-off versus Ryan Johansen in Oilers zone.
7:09 of 1st period - Shot by Jordan Eberle.
7:09 of 1st period - Deflect By John Tavares.
7:09 of 1st period - Shot Blocked by Mark Pysyk.
7:11 of 1st period - Shot by John Tavares.
7:11 of 1st period - Shot Misses the Net.
7:24 of 1st period - Icing by Marc Methot.
7:25 of 1st period - Ryan Johansen wins face-off versus Zack Smith in Oilers zone.
7:25 of 1st period - Ryan Johansen is hit by Justin Abdelkader.
7:41 of 1st period - Mark Pysyk is hit by Zack Smith and loses puck.
8:39 of 1st period - Icing by Jason Zucker.
8:40 of 1st period - Auston Matthews wins face-off versus Ryan Johansen in Oilers zone.
8:47 of 1st period - Shot by Jakob Silfverberg.
8:47 of 1st period - Shot Misses the Net.
8:49 of 1st period - Shot by Jakob Silfverberg.
8:49 of 1st period - Stopped by Antti Raanta with a rebound.
8:53 of 1st period - Shot by Teuvo Teravainen.
8:53 of 1st period - Stopped by Antti Raanta without a rebound.
8:54 of 1st period - Ryan Getzlaf wins face-off versus Artturi Lehkonen in Oilers zone.
9:05 of 1st period - Shot by Evgeny Dadonov.
9:05 of 1st period - Stopped by Tuukka Rask without a rebound.
9:06 of 1st period - Auston Matthews wins face-off versus Pavel Buchnevich in Canadiens zone.
9:43 of 1st period - Shot by Pavel Buchnevich.
9:43 of 1st period - Shot Hit the Post.
10:22 of 1st period - Marcus Johansson is hit by Justin Braun.
10:27 of 1st period - Minor Penalty to Jack Johnson for High sticking.
10:28 of 1st period - Jean-Gabriel Pageau wins face-off versus John Tavares in Oilers zone.
10:40 of 1st period - Shot by Ryan Johansen.
10:40 of 1st period - Shot Misses the Net.
10:59 of 1st period - Icing by Ivan Provorov.
11:00 of 1st period - Dominic Moore wins face-off versus John Tavares in Canadiens zone.
11:08 of 1st period - Icing by Cam Fowler.
11:09 of 1st period - John Tavares wins face-off versus Jean-Gabriel Pageau in Canadiens zone.
11:46 of 1st period - Shot by Auston Matthews.
11:46 of 1st period - Stopped by Antti Raanta without a rebound.
11:47 of 1st period - Dominic Moore wins face-off versus Jakob Silfverberg in Oilers zone.
12:32 of 1st period - Shot by Evgeny Dadonov.
12:32 of 1st period - Stopped by Tuukka Rask without a rebound.
12:33 of 1st period - Zack Smith wins face-off versus Ryan Getzlaf in Canadiens zone.
12:33 of 1st period - Zack Smith is hit by Ryan Getzlaf.
12:52 of 1st period - Shot by Zack Smith.
12:52 of 1st period - Stopped by Antti Raanta without a rebound.
12:53 of 1st period - Jean-Gabriel Pageau wins face-off versus John Tavares in Oilers zone.
13:05 of 1st period - Off-side.
13:06 of 1st period - Dominic Moore wins face-off versus Matt Calvert in neutral zone.
13:29 of 1st period - Shot by Pavel Buchnevich.
13:29 of 1st period - Shot Misses the Net.
13:39 of 1st period - Shot by Josh Morrissey.
13:39 of 1st period - Shot Blocked by Justin Braun.
14:01 of 1st period - Jack Johnson is hit by Jordan Eberle and loses puck.
14:50 of 1st period - Jacob Trouba is hit by Alexander Edler and loses puck.
15:35 of 1st period - Shot by Justin Abdelkader.
15:35 of 1st period - Stopped by Antti Raanta without a rebound.
15:36 of 1st period - Adam Lowry wins face-off versus Zack Smith in Oilers zone.
15:36 of 1st period - Adam Lowry is hit by Justin Abdelkader.
16:34 of 1st period - Shot by Evgeny Dadonov.
16:34 of 1st period - Deflect By Ryan Getzlaf.
16:34 of 1st period - Stopped by Tuukka Rask without a rebound.
16:35 of 1st period - John Tavares wins face-off versus Reilly Smith in Canadiens zone.
16:44 of 1st period - Shot by Marcus Johansson.
16:44 of 1st period - Stopped by Antti Raanta with a rebound.
16:46 of 1st period - Shot by John Tavares.
16:46 of 1st period - Shot Misses the Net.
16:48 of 1st period - Shot by Alexander Edler.
16:48 of 1st period - Shot Blocked by Marc Methot.
16:50 of 1st period - Shot by Cam Fowler.
16:50 of 1st period - Stopped by Antti Raanta with a rebound.
17:08 of 1st period - Shot by Jordan Eberle.
17:08 of 1st period - Stopped by Antti Raanta without a rebound.
17:09 of 1st period - Teuvo Teravainen wins face-off versus Ryan Getzlaf in Oilers zone.
17:16 of 1st period - Shot by Jakob Silfverberg.
17:16 of 1st period - Stopped by Antti Raanta without a rebound.
17:17 of 1st period - Ryan Getzlaf wins face-off versus Auston Matthews in Oilers zone.
18:20 of 1st period - Icing by Ron Hainsey.
18:21 of 1st period - Ryan Johansen wins face-off versus Auston Matthews in Canadiens zone.
18:55 of 1st period - Jordan Eberle is hit by Jacob Trouba and loses puck.
19:27 of 1st period - Justin Abdelkader is hit by Jacob Trouba.
19:47 of 1st period - Shot by Zack Smith.
19:47 of 1st period - Stopped by Antti Raanta with a rebound.
19:49 of 1st period - Shot by Josh Morrissey.
19:49 of 1st period - Shot Misses the Net.
Goals for this period are 0 for Canadiens vs 0 for Oilers.
Shots for this period are 15 for Canadiens vs 6 for Oilers.

2nd period


0:01 of 2nd period - Dominic Moore wins face-off versus John Tavares in neutral zone.
0:29 of 2nd period - Icing by Alexander Kerfoot.
0:30 of 2nd period - Auston Matthews wins face-off versus Dominic Moore in Oilers zone.
0:30 of 2nd period - Auston Matthews is hit by Marc Methot.
0:35 of 2nd period - Jakob Silfverberg is hit by Marc Methot.
1:38 of 2nd period - Off-side.
1:39 of 2nd period - John Tavares wins face-off versus Jean-Gabriel Pageau in neutral zone.
1:49 of 2nd period - Minor Penalty to Justin Braun for Hooking.
1:50 of 2nd period - Jean-Gabriel Pageau wins face-off versus John Tavares in Oilers zone.
2:03 of 2nd period - Shot by John Tavares.
2:03 of 2nd period - Goal by John Tavares - Canadiens : 1 - Oilers : 0.
2:04 of 2nd period - Jean-Gabriel Pageau wins face-off versus Zack Smith in neutral zone.
2:23 of 2nd period - Adam Lowry is hit by Josh Morrissey and loses puck.
2:34 of 2nd period - Shot by Andreas Athanasiou.
2:34 of 2nd period - Deflect By Jean-Gabriel Pageau.
2:34 of 2nd period - Stopped by Tuukka Rask without a rebound.
2:35 of 2nd period - John Tavares wins face-off versus Pavel Buchnevich in Canadiens zone.
3:07 of 2nd period - Alexander Edler is hit by Dominic Moore and loses puck.
3:55 of 2nd period - Shot by Jakob Silfverberg.
3:55 of 2nd period - Stopped by Antti Raanta without a rebound.
3:56 of 2nd period - Ryan Johansen wins face-off versus Artturi Lehkonen in Oilers zone.
3:56 of 2nd period - Ryan Johansen is hit by Matt Calvert.
4:21 of 2nd period - Shot by Matt Calvert.
4:21 of 2nd period - Stopped by Antti Raanta with a rebound.
4:23 of 2nd period - Shot by Josh Morrissey.
4:23 of 2nd period - Stopped by Antti Raanta without a rebound.
4:24 of 2nd period - Zack Smith wins face-off versus Ryan Getzlaf in Oilers zone.
4:28 of 2nd period - Justin Abdelkader is hit by Mark Pysyk and loses puck.
4:32 of 2nd period - Icing by Mark Pysyk.
4:33 of 2nd period - Ryan Getzlaf wins face-off versus John Tavares in Oilers zone.
4:56 of 2nd period - Shot by Marcus Johansson.
4:56 of 2nd period - Stopped by Antti Raanta without a rebound.
4:57 of 2nd period - Auston Matthews wins face-off versus Jean-Gabriel Pageau in Oilers zone.
5:03 of 2nd period - Teuvo Teravainen is hit by Brent Burns and loses puck.
5:11 of 2nd period - Adam Lowry is hit by Ivan Provorov and loses puck.
5:21 of 2nd period - Icing by Ivan Provorov.
5:22 of 2nd period - Ryan Johansen wins face-off versus Auston Matthews in Canadiens zone.
5:25 of 2nd period - Shot by Reilly Smith.
5:25 of 2nd period - Shot Misses the Net.
5:46 of 2nd period - Off-side.
5:47 of 2nd period - Ryan Getzlaf wins face-off versus John Tavares in neutral zone.
5:51 of 2nd period - Brent Burns is hit by Alexander Edler and loses puck.
5:59 of 2nd period - Matthew Nieto is hit by Alexander Edler and loses puck.
6:02 of 2nd period - Shot by Matthew Nieto.
6:02 of 2nd period - Stopped by Tuukka Rask with a rebound.
6:04 of 2nd period - Shot by Matthew Nieto.
6:04 of 2nd period - Shot Misses the Net.
6:06 of 2nd period - Shot by Ryan Getzlaf.
6:06 of 2nd period - Shot Blocked by Cam Fowler.
6:08 of 2nd period - Shot by Ryan Getzlaf.
6:08 of 2nd period - Shot Hit the Post.
6:14 of 2nd period - Shot by Evgeny Dadonov.
6:14 of 2nd period - Deflect By Ryan Getzlaf.
6:14 of 2nd period - Shot Misses the Net.
6:16 of 2nd period - Shot by Matthew Nieto.
6:16 of 2nd period - Deflect By Evgeny Dadonov.
6:16 of 2nd period - Goal by Evgeny Dadonov - Canadiens : 1 - Oilers : 1.
6:17 of 2nd period - Jean-Gabriel Pageau wins face-off versus Zack Smith in neutral zone.
6:21 of 2nd period - Jean-Gabriel Pageau is hit by Josh Morrissey and loses puck.
7:39 of 2nd period - Icing by Reilly Smith.
7:40 of 2nd period - John Tavares wins face-off versus Ryan Johansen in Oilers zone.
7:51 of 2nd period - Shot by John Tavares.
7:51 of 2nd period - Shot Blocked by Justin Braun.
9:09 of 2nd period - Jason Zucker is hit by Teuvo Teravainen.
11:08 of 2nd period - Shot by Alexander Kerfoot.
11:08 of 2nd period - Shot Hit the Post.
11:10 of 2nd period - Shot by Marc Methot.
11:10 of 2nd period - Shot Misses the Net.
11:12 of 2nd period - Shot by Pavel Buchnevich.
11:12 of 2nd period - Stopped by Tuukka Rask with a rebound.
11:17 of 2nd period - Icing by Ron Hainsey.
11:18 of 2nd period - Jean-Gabriel Pageau wins face-off versus John Tavares in Canadiens zone.
11:25 of 2nd period - Shot by Andreas Athanasiou.
11:25 of 2nd period - Stopped by Tuukka Rask without a rebound.
11:26 of 2nd period - Jean-Gabriel Pageau wins face-off versus Auston Matthews in Canadiens zone.
11:27 of 2nd period - Shot by Andreas Athanasiou.
11:27 of 2nd period - Stopped by Tuukka Rask without a rebound.
11:28 of 2nd period - Jean-Gabriel Pageau wins face-off versus Auston Matthews in Canadiens zone.
11:29 of 2nd period - Shot by Andreas Athanasiou.
11:29 of 2nd period - Shot Misses the Net.
11:43 of 2nd period - Shot by Jakob Silfverberg.
11:43 of 2nd period - Shot Hit the Post.
11:49 of 2nd period - Shot by Teuvo Teravainen.
11:49 of 2nd period - Stopped by Antti Raanta without a rebound.
11:50 of 2nd period - Zack Smith wins face-off versus Dominic Moore in Oilers zone.
12:16 of 2nd period - Justin Abdelkader is hit by Jack Johnson and loses puck.
12:25 of 2nd period - Justin Abdelkader is hit by Pavel Buchnevich and loses puck.
12:27 of 2nd period - Minor Penalty to Dominic Moore for Tripping.
12:28 of 2nd period - Jean-Gabriel Pageau wins face-off versus John Tavares in Oilers zone.
13:17 of 2nd period - Justin Braun is hit by Jakob Silfverberg and loses puck.
13:25 of 2nd period - Shot by Teuvo Teravainen.
13:25 of 2nd period - Shot Hit the Post.
13:27 of 2nd period - Shot by Alexander Edler.
13:27 of 2nd period - Shot Misses the Net.
13:29 of 2nd period - Shot by Ron Hainsey.
13:29 of 2nd period - Stopped by Antti Raanta without a rebound.
13:30 of 2nd period - Auston Matthews wins face-off versus Alexander Kerfoot in Oilers zone.
15:11 of 2nd period - Matt Calvert is hit by Ryan Getzlaf and loses puck.
16:05 of 2nd period - Icing by Ivan Provorov.
16:06 of 2nd period - John Tavares wins face-off versus Ryan Johansen in Canadiens zone.
16:06 of 2nd period - John Tavares is hit by Reilly Smith.
17:06 of 2nd period - Mark Pysyk is hit by Jakob Silfverberg and loses puck.
17:21 of 2nd period - Shot by Pavel Buchnevich.
17:21 of 2nd period - Shot Misses the Net.
17:23 of 2nd period - Shot by Dominic Moore.
17:23 of 2nd period - Stopped by Tuukka Rask without a rebound.
17:24 of 2nd period - Ryan Getzlaf wins face-off versus Zack Smith in Canadiens zone.
17:27 of 2nd period - Shot by Evgeny Dadonov.
17:27 of 2nd period - Shot Blocked by Michael Stone.
17:51 of 2nd period - Shot by Matthew Nieto.
17:51 of 2nd period - Deflect By Ryan Getzlaf.
17:51 of 2nd period - Shot Misses the Net.
17:55 of 2nd period - Shot by Ryan Getzlaf.
17:55 of 2nd period - Stopped by Tuukka Rask without a rebound.
17:56 of 2nd period - Artturi Lehkonen wins face-off versus Jean-Gabriel Pageau in Canadiens zone.
18:03 of 2nd period - Shot by Jean-Gabriel Pageau.
18:03 of 2nd period - Deflect By Andreas Athanasiou.
18:03 of 2nd period - Shot Blocked by Alexander Edler.
18:05 of 2nd period - Shot by Andreas Athanasiou.
18:05 of 2nd period - Goal by Andreas Athanasiou - Canadiens : 1 - Oilers : 2.
18:06 of 2nd period - Ryan Johansen wins face-off versus Jakob Silfverberg in neutral zone.
18:31 of 2nd period - Shot by Auston Matthews.
18:31 of 2nd period - Stopped by Antti Raanta without a rebound.
18:32 of 2nd period - Dominic Moore wins face-off versus John Tavares in Oilers zone.
18:45 of 2nd period - Shot by John Tavares.
18:45 of 2nd period - Shot Misses the Net.
18:47 of 2nd period - Shot by Ivan Provorov.
18:47 of 2nd period - Stopped by Antti Raanta without a rebound.
18:48 of 2nd period - Zack Smith wins face-off versus Ryan Getzlaf in Oilers zone.
19:09 of 2nd period - Shot by Justin Abdelkader.
19:09 of 2nd period - Shot Misses the Net.
19:13 of 2nd period - Shot by Zack Smith.
19:13 of 2nd period - Shot Misses the Net.
Goals for this period are 1 for Canadiens vs 2 for Oilers.
Shots for this period are 9 for Canadiens vs 9 for Oilers.

3rd period


0:01 of 3rd period - John Tavares wins face-off versus Reilly Smith in neutral zone.
0:09 of 3rd period - Jacob Trouba is hit by John Tavares and loses puck.
0:30 of 3rd period - Shot by Jordan Eberle.
0:30 of 3rd period - Shot Misses the Net.
1:11 of 3rd period - Shot by Teuvo Teravainen.
1:11 of 3rd period - Stopped by Antti Raanta without a rebound.
1:12 of 3rd period - Zack Smith wins face-off versus Jean-Gabriel Pageau in Oilers zone.
1:12 of 3rd period - Zack Smith is hit by Marc Methot.
1:21 of 3rd period - Minor Penalty to Marc Methot for Holding.
1:22 of 3rd period - Auston Matthews wins face-off versus Dominic Moore in Oilers zone.
1:23 of 3rd period - Shot by Ivan Provorov.
1:23 of 3rd period - Stopped by Antti Raanta with a rebound.
1:27 of 3rd period - Shot by Jakob Silfverberg.
1:27 of 3rd period - Goal by Jakob Silfverberg - Canadiens : 2 - Oilers : 2.
1:28 of 3rd period - Jean-Gabriel Pageau wins face-off versus Auston Matthews in neutral zone.
1:33 of 3rd period - Shot by Adam Lowry.
1:33 of 3rd period - Goal by Adam Lowry - Canadiens : 2 - Oilers : 3.
1:34 of 3rd period - Dominic Moore wins face-off versus Auston Matthews in neutral zone.
1:39 of 3rd period - Shot by Pavel Buchnevich.
1:39 of 3rd period - Shot Misses the Net.
1:41 of 3rd period - Shot by Dominic Moore.
1:41 of 3rd period - Stopped by Tuukka Rask with a rebound.
1:47 of 3rd period - Shot by Dominic Moore.
1:47 of 3rd period - Shot Blocked by Auston Matthews.
1:49 of 3rd period - Shot by Dominic Moore.
1:49 of 3rd period - Deflect By Alexander Kerfoot.
1:49 of 3rd period - Stopped by Tuukka Rask without a rebound.
1:50 of 3rd period - Jean-Gabriel Pageau wins face-off versus John Tavares in Canadiens zone.
1:55 of 3rd period - Shot by Andreas Athanasiou.
1:55 of 3rd period - Stopped by Tuukka Rask without a rebound.
1:56 of 3rd period - Jean-Gabriel Pageau wins face-off versus Auston Matthews in Canadiens zone.
1:57 of 3rd period - Shot by Adam Lowry.
1:57 of 3rd period - Shot Misses the Net.
2:12 of 3rd period - Minor Penalty to Jean-Gabriel Pageau for Tripping.
2:13 of 3rd period - Dominic Moore wins face-off versus John Tavares in Oilers zone.
2:46 of 3rd period - Shot by John Tavares.
2:46 of 3rd period - Shot Misses the Net.
2:48 of 3rd period - Shot by Cam Fowler.
2:48 of 3rd period - Shot Blocked by Jacob Trouba.
2:50 of 3rd period - Shot by Cam Fowler.
2:50 of 3rd period - Shot Misses the Net.
3:20 of 3rd period - Shot by Alexander Edler.
3:20 of 3rd period - Stopped by Antti Raanta with a rebound.
3:40 of 3rd period - Shot by Alexander Edler.
3:40 of 3rd period - Stopped by Antti Raanta with a rebound.
4:11 of 3rd period - Shot by Ivan Provorov.
4:11 of 3rd period - Shot Blocked by Brent Burns.
4:13 of 3rd period - Shot by Justin Abdelkader.
4:13 of 3rd period - Shot Blocked by Marc Methot.
4:15 of 3rd period - Shot by Tyson Jost.
4:15 of 3rd period - Stopped by Antti Raanta without a rebound.
4:16 of 3rd period - Zack Smith wins face-off versus Ryan Getzlaf in Oilers zone.
4:16 of 3rd period - Justin Abdelkader is hit by Mark Pysyk and loses puck.
4:22 of 3rd period - Mark Pysyk is hit by Justin Abdelkader and loses puck.
4:35 of 3rd period - Evgeny Dadonov is hit by Michael Stone and loses puck.
4:40 of 3rd period - Shot by Evgeny Dadonov.
4:40 of 3rd period - Shot Misses the Net.
4:42 of 3rd period - Shot by Evgeny Dadonov.
4:42 of 3rd period - Stopped by Tuukka Rask without a rebound.
4:43 of 3rd period - Ryan Johansen wins face-off versus Artturi Lehkonen in Canadiens zone.
5:13 of 3rd period - Shot by Artturi Lehkonen.
5:13 of 3rd period - Shot Misses the Net.
5:21 of 3rd period - Shot by Brian Gibbons.
5:21 of 3rd period - Stopped by Antti Raanta without a rebound.
5:22 of 3rd period - Auston Matthews wins face-off versus Dominic Moore in Oilers zone.
5:27 of 3rd period - Shot by Jakob Silfverberg.
5:27 of 3rd period - Stopped by Antti Raanta with a rebound.
5:29 of 3rd period - Shot by Jakob Silfverberg.
5:29 of 3rd period - Stopped by Antti Raanta without a rebound.
5:30 of 3rd period - John Tavares wins face-off versus Jean-Gabriel Pageau in Oilers zone.
5:38 of 3rd period - Marcus Johansson is hit by Jacob Trouba and loses puck.
5:46 of 3rd period - Jordan Eberle is hit by Jacob Trouba and loses puck.
6:01 of 3rd period - Shot by Jordan Eberle.
6:01 of 3rd period - Shot Misses the Net.
6:03 of 3rd period - Shot by John Tavares.
6:03 of 3rd period - Shot Misses the Net.
6:05 of 3rd period - Shot by Ivan Provorov.
6:05 of 3rd period - Shot Misses the Net.
6:18 of 3rd period - Minor Penalty to Jacob Trouba for Roughing.
6:19 of 3rd period - Dominic Moore wins face-off versus Auston Matthews in Oilers zone.
7:48 of 3rd period - Alexander Edler is hit by Marc Methot and loses puck.
8:30 of 3rd period - Shot by Ryan Getzlaf.
8:30 of 3rd period - Stopped by Tuukka Rask with a rebound.
8:32 of 3rd period - Shot by Matthew Nieto.
8:32 of 3rd period - Shot Blocked by Josh Morrissey.
8:34 of 3rd period - Shot by Matthew Nieto.
8:34 of 3rd period - Goal by Matthew Nieto - Canadiens : 2 - Oilers : 4.
8:34 of 3rd period - Jonathan Bernier enters game.
8:35 of 3rd period - Artturi Lehkonen wins face-off versus Ryan Getzlaf in neutral zone.
8:40 of 3rd period - Icing by Matthew Nieto.
8:41 of 3rd period - Zack Smith wins face-off versus Ryan Getzlaf in Oilers zone.
9:10 of 3rd period - Zack Smith is hit by Ryan Getzlaf and loses puck.
9:31 of 3rd period - Justin Abdelkader is hit by Ryan Johansen and loses puck.
9:59 of 3rd period - Shot by Jordan Eberle.
9:59 of 3rd period - Goal by Jordan Eberle - Canadiens : 3 - Oilers : 4.
10:00 of 3rd period - Dominic Moore wins face-off versus Teuvo Teravainen in neutral zone.
10:11 of 3rd period - Shot by Dominic Moore.
10:11 of 3rd period - Stopped by Jonathan Bernier with a rebound.
10:19 of 3rd period - Shot by Auston Matthews.
10:19 of 3rd period - Stopped by Antti Raanta without a rebound.
10:20 of 3rd period - Jordan Eberle wins face-off versus Jean-Gabriel Pageau in Oilers zone.
10:34 of 3rd period - John Tavares is hit by Marc Methot and loses puck.
11:36 of 3rd period - Ryan Johansen is hit by Alexander Edler and loses puck.
11:42 of 3rd period - Icing by Cam Fowler.
11:43 of 3rd period - Dominic Moore wins face-off versus Teuvo Teravainen in Canadiens zone.
12:28 of 3rd period - Shot by Justin Abdelkader.
12:28 of 3rd period - Stopped by Antti Raanta without a rebound.
12:29 of 3rd period - Evgeny Dadonov wins face-off versus John Tavares in Oilers zone.
13:08 of 3rd period - Shot by Ryan Getzlaf.
13:08 of 3rd period - Stopped by Jonathan Bernier without a rebound.
13:09 of 3rd period - Ryan Johansen wins face-off versus Zack Smith in Canadiens zone.
13:10 of 3rd period - Shot by Jason Zucker.
13:10 of 3rd period - Deflect By Reilly Smith.
13:10 of 3rd period - Shot Misses the Net.
13:20 of 3rd period - Shot by Jason Zucker.
13:20 of 3rd period - Stopped by Jonathan Bernier with a rebound.
13:24 of 3rd period - Shot by Jason Zucker.
13:24 of 3rd period - Stopped by Jonathan Bernier without a rebound.
13:25 of 3rd period - Jean-Gabriel Pageau wins face-off versus Artturi Lehkonen in Canadiens zone.
13:28 of 3rd period - Shot by Andreas Athanasiou.
13:28 of 3rd period - Deflect By Adam Lowry.
13:28 of 3rd period - Stopped by Jonathan Bernier without a rebound.
13:29 of 3rd period - Auston Matthews wins face-off versus Jason Zucker in Canadiens zone.
13:51 of 3rd period - Shot by Reilly Smith.
13:51 of 3rd period - Goal by Reilly Smith - Canadiens : 3 - Oilers : 5.
13:52 of 3rd period - Dominic Moore wins face-off versus John Tavares in neutral zone.
14:11 of 3rd period - Minor Penalty to Brent Burns for Hooking.
14:12 of 3rd period - Jean-Gabriel Pageau wins face-off versus Auston Matthews in Oilers zone.
14:45 of 3rd period - Shot by Jakob Silfverberg.
14:45 of 3rd period - Stopped by Antti Raanta without a rebound.
14:46 of 3rd period - John Tavares wins face-off versus Dominic Moore in Oilers zone.
14:47 of 3rd period - Shot by Marcus Johansson.
14:47 of 3rd period - Stopped by Antti Raanta with a rebound.
14:49 of 3rd period - Shot by John Tavares.
14:49 of 3rd period - Stopped by Antti Raanta with a rebound.
14:59 of 3rd period - Dominic Moore is hit by Jordan Eberle and loses puck.
15:05 of 3rd period - Jordan Eberle is hit by Jack Johnson and loses puck.
16:08 of 3rd period - Shot by Cam Fowler.
16:08 of 3rd period - Stopped by Antti Raanta without a rebound.
16:09 of 3rd period - Jean-Gabriel Pageau wins face-off versus John Tavares in Oilers zone.
16:20 of 3rd period - Shot by Matthew Nieto.
16:20 of 3rd period - Goal by Matthew Nieto - Canadiens : 3 - Oilers : 6.
16:21 of 3rd period - Brian Gibbons wins face-off versus Jean-Gabriel Pageau in neutral zone.
16:29 of 3rd period - Minor Penalty to Marc Methot for Hooking.
16:30 of 3rd period - John Tavares wins face-off versus Jean-Gabriel Pageau in Oilers zone.
17:55 of 3rd period - Shot by Cam Fowler.
17:55 of 3rd period - Shot Blocked by Justin Braun.
18:44 of 3rd period - Shot by Matthew Nieto.
18:44 of 3rd period - Shot Misses the Net.
18:56 of 3rd period - Mark Pysyk is hit by Zack Smith and loses puck.
19:51 of 3rd period - Shot by Adam Lowry.
19:51 of 3rd period - Stopped by Jonathan Bernier without a rebound.
19:52 of 3rd period - Ryan Johansen wins face-off versus Auston Matthews in Canadiens zone.
Goals for this period are 2 for Canadiens vs 4 for Oilers.
Shots for this period are 16 for Canadiens vs 15 for Oilers.